 Dungeon Crawl Stone Soup version 0.29.1-12-g30fa7ad0bf (webtiles) character file.

Game seed: 10997147311725437350

84 LustLizard the Ruffian (level 4, -3/44 HPs)
             Began as a Troll Fighter on Dec 15, 2022.
             Slain by Sigmund
             ... wielding a +0 scythe
              (10 damage)
             ... on level 3 of the Dungeon.
             The game lasted 00:03:04 (1490 turns).

LustLizard the Ruffian (Troll Fighter)              Turns: 1490, Time: 00:03:05

Health: -3/44      AC:  4    Str: 24    XL:     4   Next: 23%
Magic:  12/12      EV:  8    Int:  6    God:
Gold:   121        SH:  7    Dex:  9    Spells: 1/3 levels left

rFire   . . .      SeeInvis .     - Unarmed
rCold   . . .      Faith    .   b - +0 kite shield
rNeg    . . .      Spirit   .   a - +0 robe
rPois   .          Reflect  .   (helmet restricted)
rElec   .          Harm     .   (no cloak)
rCorr   .          Rampage  .   (gloves unavailable)
Will    .....                   (boots unavailable)
Stlth   +.........              (no amulet)
HPRegen 0.94/turn               h - ring of magical power
MPRegen 0.13/turn               (no ring)

@: mighty
A: large, unfitting armour, claws 3, regeneration 1, shaggy fur 1, tough skin 1
a: no special abilities


You were on level 3 of the Dungeon.
You visited 1 branch of the dungeon, and saw 3 of its levels.

You collected 121 gold pieces.

Inventory:

Armour
 a - a +0 robe (worn)
 b - a +0 kite shield (worn)
Jewellery
 h - a ring of magical power (left claw)
Wands
 p - a wand of charming (1)
Scrolls
 d - a scroll of noise {unknown}
 e - 2 scrolls of magic mapping
 g - a scroll of identify {unknown}
 i - a scroll of fear {unknown}
 l - 2 scrolls of teleportation {unknown}
 q - a scroll of torment {unknown}
Potions
 c - a potion of might
 f - 2 potions of magic {unknown}
 j - a potion of mutation {unknown}
 k - a potion of degeneration {unknown}
 m - a potion of cancellation {unknown}
 n - a potion of curing {unknown}
 o - a potion of brilliance {unknown}
 r - a potion of attraction {unknown}


   Skills:
 + Level 2.9 Fighting
 - Level 2.4 Dodging
 + Level 3.2 Shields
 * Level 3.4 Unarmed Combat
 + Level 0.2 Transmutations


You had one spell level left.
You knew the following spells:

 Your Spells              Type           Power      Damage    Failure   Level
a - Wereblood             Tmut           0%         N/A       86%         2

Your spell library contained the following spells:

 Spells                   Type           Power      Damage    Failure   Level
 Beastly Appendage        Tmut           0%         N/A       73%         1
 Spider Form              Tmut/Pois      0%         N/A       98%         3
 Summon Guardian Golem    Hex/Summ       0%         N/A       98%         3
 Orb of Destruction       Conj           0%         9d5       100%        7
 Spellforged Servitor     Conj/Summ      0%         N/A       100%        7


Dungeon Overview and Level Annotations

Branches:
Dungeon (3/15)

Altars:
Elyvilon

Shops:
D:3 [=

Annotations:
D:3 Sigmund


Innate Abilities, Weirdness & Mutations

You are too large for most types of armour.
You have claws for hands.
Your natural rate of healing is unusually fast.
You are covered in fur. (AC +1)
You have tough skin. (AC +1)


Message History

Beogh smites you! The adder barely misses you.
You hear a shout!
You closely miss the adder. The orc priest closely misses you.
The adder closely misses you.
You miss the orc.
You feel less confused. You block the adder's attack. The adder bites you.
The orc hits you with a +0 whip.
You completely miss the orc. The adder completely misses you.
An orc comes into view. It is wielding a +0 hand axe.
The orc barely misses you.
You barely miss the adder. The adder barely misses you.
The orc barely misses you.
An orc comes into view. It is wielding a +0 hand axe.
The orc shouts!
You claw the adder!
You kill the adder!
The orc hits you with a +0 whip.
* * * LOW HITPOINT WARNING * * *
The orc throws a stone.
The stone hits you but does no damage.
You hear some strange, mumbled words.
A magic dart appears from out of thin air!
The magic dart hits you.
* * * LOW HITPOINT WARNING * * *
Things that are here:
a +0 mace; an orc corpse You closely miss something.
The orc throws a boomerang.
You block the boomerang.
You hear some strange, mumbled words.
Something tries to affect you, but you resist.
You closely miss something.
The orc priest hits you with a +0 falchion.
* * * LOW HITPOINT WARNING * * *
The orc hits you with a +0 whip.
* * * LOW HITPOINT WARNING * * *
You block something's attack.
You closely miss something. The orc priest barely misses you.
The orc hits you but does no damage.
You claw something! Something hits you!
You die...

#.# #.#.#
...#.# #.#
#.#.# #####.#
#.# #.#.# #.#
#.###.#.# #.#
#⌠.⌠..#.# #.#
#.∩...#.##.#
#.#
##⌠.†#.......
#....oo#.##.#
#)#.##@#.#
....oo{......#
###.####.####.#
... #.# ....
#.# #.... #.#
...._ ..# #..


You could see an orc priest and 3 orcs.

Vanquished Creatures
  3 adders
  An adder zombie (D:2)
  An adder skeleton (D:2)
  3 dart slugs
  2 worms (D:2)
  An orc (D:3)
  2 ball pythons
  4 bats
  A bat skeleton (D:2)
  A bat zombie (D:2)
  3 endoplasms
  8 goblins
  A kobold (D:1)
  A quokka (D:2)
  5 frilled lizards
  A giant cockroach zombie (D:2)
  A quokka zombie (D:2)
  2 rats
41 creatures vanquished.

Vanquished Creatures (others)
  A withered plant (D:2)
1 creature vanquished.

Grand Total: 42 creatures vanquished

Notes
Turn   | Place    | Note
-------+----------+-------------------------------------------
     0 | D:1      | LustLizard the Troll Fighter began the quest for the Orb.
     0 | D:1      | Reached XP level 1. HP: 22/22 MP: 0/0
   186 | D:1      | Reached XP level 2. HP: 29/29 MP: 1/1
   701 | D:2      | Found a faded altar of an unknown god.
   807 | D:2      | Reached XP level 3. HP: 36/36 MP: 2/2
  1310 | D:2      | Learned a level 2 spell: Wereblood
  1341 | D:3      | Found Fasuott's Jewellery Shoppe.
  1347 | D:3      | Reached XP level 4. HP: 44/44 MP: 3/3
  1460 | D:3      | Found Yxeschif's Antique Armour Shoppe.
  1467 | D:3      | Found a white marble altar of Elyvilon.
  1471 | D:3      | Noticed Sigmund
  1490 | D:3      | Slain by Sigmund

Illustrated notes

Levels and vault maps discovered:
D:1:      wander_arrival_estate, layout_loops_ring
D:2:      layout_basic, shapermc_ecumenical_altar_notcrosses, serial_undead,
          serial_undead_c, serial_undead_b, serial_undead_a, serial_undead_a,
          serial_undead_f, serial_undead_a, chequers_arboretum
D:3:      layout_loops_ring, old_standard_altar, serial_shops,
          nicolae_shop_statue_plus, shop, shop_fountains, shop,
          nicolae_shop_hallway_stairs, gammafunk_ghost_necromancy,
          chequers_serial_rivers_micro_b, uniq_sigmund

Skill      XL: |  1  2  3 |
---------------+----------+-----
Shields        | 3 |  3.2
Unarmed Combat | 3 |  3.4
Fighting       | |  2.9
Dodging        | |  2.4
Transmutations | |  0.2

Action                   |  1- 3 |  4- 6 || total
-------------------------+-------+-------++-------
Melee: Unarmed           |    95 |    17 ||   112
  Use: Scroll            |     1 |       ||     1
       Potion            |       |     1 ||     1
Armor: Robe              |    22 |     2 ||    24
Dodge: Dodged            |    29 |    12 ||    41
Block: Kite shield       |    34 |     4 ||    38
